 Dungeon Sprint DCSS version 0.22.1-1-ga44c0e56f4 (webtiles) character file.

172 MuseOD the Covert (level 5, -1/27 (29) HPs)
             Began as a Spriggan Enchanter on Sept 21, 2018.
             Slain by a necrophage (2 damage)
             ... in the Dungeon (Sprint II: "The Violet Keep of Menkaure").
             The game lasted 00:00:32 (47 turns).

MuseOD the Covert (Spriggan Enchanter)                Turns: 47, Time: 00:00:32

HP:   -1/27 (29)    AC:  2    Str:  4    XL:     5   Next: 27%
MP:   10/10         EV: 18    Int: 18    God:
Gold: 0             SH:  0    Dex: 16    Spells: 8/9 levels left

rFire    . . .     SeeInvis +   a - +1 dagger
rCold    . . .     Gourm    .   (shield restricted)
rNeg     . . .     Faith    .   b - +0 robe
rPois    .         Spirit   .   (helmet restricted)
rElec    .         Reflect  .   (no cloak)
rCorr    .         Harm     .   (gloves unavailable)
MR       .....     NoTele   +   (boots unavailable)
Stlth    ++++......             (no amulet)
HPRegen  0.00/turn              (no ring)
MPRegen  0.12/turn              (no ring)

@: berserk cooldown, non-regenerating, mildly diseased, slowed, quick
A: very small, unfitting armour, see invisible, herbivore, speed 3, slow
metabolism 2
a: no special abilities


You were in the Dungeon.
You were not hungry.

You visited 1 branch

Inventory:

Hand Weapons
 a - a +1 dagger (weapon)
Armour
 b - a +0 robe (worn)
Scrolls
 j - a scroll of blinking
Potions
 e - a potion of curing
 f - a potion of heal wounds
 g - a potion of haste
 h - 2 potions of magic
Comestibles
 d - a ration


   Skills:
 - Level 4.2 Fighting
 - Level 8.4 Short Blades
 - Level 3.0 Dodging
 + Level 9.5 Stealth
 + Level 2.6 Spellcasting
 + Level 3.6 Hexes


You had 8 spell levels left.
You knew the following spells:

 Your Spells              Type           Power        Failure   Level  Hunger
a - Corona                Hex            ###....      3%          1    #......

Your spell library contained the following spells:

 Spells                   Type           Power        Failure   Level  Hunger
 Ensorcelled Hibernation  Hex/Ice        #.....       12%         2    ##.....
 Confuse                  Hex            ###.....     12%         3    ###....
 Tukima's Dance           Hex            ###.....     12%         3    ###....
 Dazzling Spray           Conj/Hex       #.....       24%         3    ###....


Dungeon Overview and Level Annotations

Branches:
Dungeon (1/1)

Altars:


Innate Abilities, Weirdness & Mutations

You are very small and have problems with some larger weapons.
You are too small for most types of armour.
You have supernaturally acute eyesight. (SInv)
You are a herbivore.
You cover ground extremely quickly.
You need to consume almost no food.


Message History

The necrophage hits you!
* * * LOW HITPOINT WARNING * * *
You closely miss the necrophage.
The necrophage is moderately damaged.
The necrophage completely misses you.
You barely miss the necrophage.
The necrophage is moderately damaged.
You hit the necrophage.
The necrophage is moderately damaged.
The necrophage completely misses you.
You barely miss the necrophage.
The necrophage is moderately damaged.
The necrophage misses you.
You hit the necrophage.
The necrophage is moderately damaged.
The necrophage completely misses you.
You completely miss the necrophage.
The necrophage is moderately damaged.
The necrophage hits you.
You die...

## ##. ## w.
#w # w#. #
##. #+# .##
#...##.##...#
#nn@<.+.#
#...##.##.m.#
##. #+# .## #


H#H # .# #. ## ## You could see 2 necrophages.

Vanquished Creatures
  2 necrophages (D)
2 creatures vanquished.

Notes
Turn   | Place    | Note
-------+----------+-------------------------------------------
     0 | D        | MuseOD the Spriggan Enchanter began the quest for the Orb.
     0 | D        | Reached XP level 1. HP: 9/9 MP: 5/5
     1 | D        | Noticed a merfolk siren
     8 | D        | Noticed a hippogriff
     8 | D        | Noticed a hippogriff
    11 | D        | Noticed a necrophage
    11 | D        | Noticed a necrophage
    11 | D        | Noticed a necrophage
    11 | D        | Noticed a necrophage
    18 | D        | Killed a necrophage
    18 | D        | Reached skill level 7 in Stealth
    18 | D        | Reached XP level 2. HP: 15/15 MP: 6/6
    18 | D        | Reached XP level 3. HP: 19/19 MP: 8/8
    18 | D        | Reached XP level 4. HP: 23/23 MP: 9/9
    28 | D        | Killed a necrophage
    28 | D        | Reached skill level 9 in Stealth
    28 | D        | Reached XP level 5. HP: 28/28 MP: 10/10
    41 | D        | HP: 1/27 [necrophage (8)]
    47 | D        | Slain by a necrophage

Skill      XL: |  1  2  3  4 |
---------------+-------------+-----
Fighting       | 3 4 |  4.2
Short Blades   | 6 8 |  8.4
Stealth        | 7 9 |  9.5
Dodging        | |  3.0
Spellcasting   | |  2.6
Hexes          | |  3.6

Action                   |  1- 3 |  4- 6 || total
-------------------------+-------+-------++-------
Melee: Dagger            |     6 |    28 ||    34
  Use: Potion            |     1 |       ||     1
Dodge: Dodged            |     2 |    13 ||    15
